 Dungeon Crawl Stone Soup version 0.19-a0-867-g949743d (webtiles) character file.

257 matakusis the Ducker (level 5, 0/41 HPs)
             Began as a Demonspawn Gladiator on July 3, 2016.
             Slain by an orc
             ... wielding a +0 war axe
              (3 damage)
             ... on level 4 of the Dungeon.
             The game lasted 00:07:22 (2770 turns).

matakusis the Ducker (Demonspawn Gladiator)         Turns: 2770, Time: 00:07:22

Health: 0/41       AC:  5    Str: 15      XL:     5   Next: 93%
Magic:  5/5        EV: 14    Int:  9 (10) God:
Gold:   223        SH:  0    Dex: 14      Spells: 0 memorised, 4 levels left

rFire  + . .     SeeInvis .     a - +0 long sword
rCold  . . .     Gourm    .     b - +1 leather armour
rNeg   . . .     Faith    .     (no shield)
rPois  .         Spirit   .     c - +0 helmet
rElec  .         Dismiss  .     (no cloak)
rCorr  .         Reflect  .     (no gloves)
SustAt .         Harm     .     (no boots)
MR     .....                    (no amulet)
Stlth  +.........               (no ring)
                                (no ring)

@: not resistant to hostile enchantments, very unstealthy
A: claws 1, fire resistance 1, sturdy frame 1
a: no special abilities


You were on level 4 of the Dungeon.
You were very hungry.

You visited 1 branch of the dungeon, and saw 4 of its levels.

You collected 223 gold pieces.

Inventory:

Hand Weapons
 a - a +0 long sword (weapon)
Missiles
 d - 3 throwing nets (quivered)
Armour
 b - a +1 leather armour (worn)
 c - a +0 helmet (worn)
Jewellery
 k - an uncursed ring of fire
Scrolls
 i - a scroll of fear
 j - a scroll of immolation
 q - a scroll of identify
 r - a scroll of amnesia
Potions
 e - a potion of curing
 n - a potion of might
Books
 s - a book of Conjurations

   Spells                             Type                      Level
   a - Magic Dart                     Conjuration                  1
   b - Searing Ray                    Conjuration                  2
   c - Dazzling Spray                 Conjuration/Hexes            3
   d - Fulminant Prism                Conjuration/Hexes            4
   e - Iskenderun's Mystic Blast      Conjuration                  4
   f - Iskenderun's Battlesphere      Conjuration/Charms           5
Comestibles
 f - 3 bread rations
 h - a slice of pizza
 l - a beef jerky
 m - 3 fruits
 p - 3 meat rations


   Skills:
 * Level 3.2 Fighting
 + Level 3.8 Long Blades
 - Level 1.7 Throwing
 * Level 4.8 Dodging


You had 4 spell levels left.
You didn't know any spells.

Dungeon Overview and Level Annotations

Branches:
Dungeon (4/15)
 Temple: D:4-7

Altars:
Qazlal


Innate Abilities, Weirdness & Mutations

You have sharp fingernails.
Your flesh is heat resistant. (rF+)
Your movements are slightly less encumbered by armour. (ER -2)


Message History

* * * LOW HITPOINT WARNING * * *
You hit the orc.
The orc is moderately wounded.
The orc barely misses you.
Unknown command.
You hit the orc.
The orc is heavily wounded.
The orc closely misses you.
You riposte.
You barely miss the orc.
The orc is moderately wounded.
You hit the orc but do no damage.
The orc is moderately wounded.
The orc hits you but does no damage.
Unknown command.
You barely miss the orc.
The orc is moderately wounded.
The orc barely misses you.
You hit the orc.
The orc is almost dead.
The orc hits you with a war axe.
You die...

*,,,,*,,,,*,* *,* ****
**,,,+,,,,,,***,*
*****,,,,,,,,*,*
**********
*,,,,,**,*,******,,,,,,,,,
*,,,,,**,*,,,,,,+,,,,,,,,,
*,,,,,,,,*###****,,,,,,,,,
*,,,,***###<#,,,,,********
*,,,,* #...#,*,,,* *,,,,*
#@###,*,*****
********#o#**,,,,,,,*
*,,.o.*,,,,***+******
*,....#,*****,,,,,,,*
*.....#,* *,,,,,,,+
#.....+,* *,,,,,,,*
#.....#** *,,,,,,,*
#.....# *,,,,,,,* *,,,,,*
*,,,,,,,*


You could see an orc priest and an orc.

Vanquished Creatures
  A black bear (D:3)
  A crimson imp (D:3)
  5 adders
  3 worms
  2 dart slugs
  2 giant geckos
  An orc (D:4)
  5 bats
  4 giant cockroaches
  7 hobgoblins
  3 jackals (D:3)
  A quokka (D:3)
  2 ball pythons
  2 giant newts
  6 goblins
  3 kobolds
  12 rats
60 creatures vanquished.

Vanquished Creatures (others)
  An orc wizard (D:4)
1 creature vanquished.

Grand Total: 61 creatures vanquished

Notes
Turn   | Place    | Note
-------+----------+-------------------------------------------
     0 | D:1      | matakusis the Demonspawn Gladiator began the quest for the Orb.
     0 | D:1      | Reached XP level 1. HP: 16/16 MP: 1/1
   299 | D:1      | Reached skill level 3 in Dodging
   306 | D:1      | Gained mutation: Your movements are slightly less encumbered by armour. (ER -2) [demonic ancestry]
   306 | D:1      | Reached XP level 2. HP: 20/22 MP: 2/2
   795 | D:2      | Gained mutation: You have sharp fingernails. [demonic ancestry]
   795 | D:2      | Reached XP level 3. HP: 22/27 MP: 3/3
   839 | D:2      | Found a stormy altar of Qazlal.
  1018 | D:2      | Gained mutation: Your flesh is heat resistant. (rF+) [demonic ancestry]
  1018 | D:2      | Reached XP level 4. HP: 30/34 MP: 4/4
  1811 | D:3      | Noticed a black bear
  1818 | D:3      | Killed a black bear
  1818 | D:3      | Reached skill level 4 in Dodging
  1818 | D:3      | Reached XP level 5. HP: 23/40 MP: 5/5
  2765 | D:4      | HP: 2/41 [orc/war axe (1)]
  2770 | D:4      | Slain by an orc

Vault maps used:
D:1:      matt_arrival_grand_opening
D:2:      grunt_qazlal_clouds
D:3:      serial_corexii_hall, corexii_hall_statues_l, corexii_hall_statues_x,
          corexii_hall_statues_i, corexii_hall_statues_t
D:4:      chequers_ossuary_entry_cave, first_bread

Skill      XL: |  1  2  3  4  5 |
---------------+----------------+-----
Dodging        | 3 4 |  4.8
Long Blades    | 3 |  3.8
Fighting       | 3 |  3.2
Throwing       | |  1.7

Action                   |  1- 3 |  4- 6 || total
-------------------------+-------+-------++-------
Melee: Long sword        |   120 |   149 ||   269
  Use: Scroll            |       |    11 ||    11
       Potion            |       |     5 ||     5
 Stab: Sleeping          |     1 |     1 ||     2
  Eat: Chunk             |     1 |     4 ||     5
Armor: Leather armour    |    22 |    20 ||    42
Dodge: Dodged            |    81 |    85 ||   166
